 Dungeon Crawl Stone Soup version 0.24-a0-778-g74da537585 (webtiles) character file.

Game seed: 11022743089956416036, levelgen mode: deterministic

72 Gall2222 the Vandal (level 4, -1/28 HPs)
             Began as a Halfling Wizard on Oct 7, 2019.
             Slain by Terence
             ... wielding a cursed -1 trident
              (3 damage)
             ... on level 2 of the Dungeon.
             The game lasted 00:07:38 (3016 turns).

Gall2222 the Vandal (Halfling Wizard)               Turns: 3016, Time: 00:07:38

Health: -1/28      AC:  2    Str:  8    XL:     4   Next: 50%
Magic:  1/7        EV: 14    Int: 22    God:
Gold:   60         SH:  0    Dex: 12    Spells: 4/7 levels left

rFire    . . .     SeeInvis .   j - +0 dagger
rCold    . . .     Gourm    .   (shield restricted)
rNeg     . . .     Faith    .   a - +0 robe
rPois    .         Spirit   .   b - +0 hat
rElec    .         Reflect  .   (no cloak)
rCorr    .         Harm     .   (no gloves)
MR       .....                  (no boots)
Stlth    ++........             (no amulet)
HPRegen  0.09/turn              (no ring)
MPRegen  0.10/turn              (no ring)

@: brilliant, very slightly contaminated
A: small, mutation resistance 1
a: no special abilities


You were on level 2 of the Dungeon.
You were not hungry.

You visited 1 branch of the dungeon, and saw 2 of its levels.

You collected 60 gold pieces.

Inventory:

Hand Weapons
 h - a +0 hunting sling
 j - a +0 dagger (weapon)
Missiles
 o - 26 stones (quivered)
Armour
 a - a +0 robe (worn)
 b - a +0 hat (worn)
Wands
 p - a wand of digging (7)
Scrolls
 c - a scroll of magic mapping {unknown}
 e - a scroll of noise {unknown}
 k - 2 scrolls of identify {unknown}
 l - a scroll of fog {unknown}
 m - a scroll of amnesia {unknown}
 n - 4 scrolls of teleportation {unknown}
 q - a scroll of enchant armour {unknown}
Potions
 f - 2 potions of haste
Comestibles
 d - 5 rations
 i - a chunk of flesh


   Skills:
 + Level 1.3 Fighting
 * Level 3.3 Slings
 + Level 2.0 Armour
 - Level 2.1 Dodging
 - Level 2.1 Stealth
 - Level 2.4 Spellcasting
 - Level 1.1 Conjurations
 - Level 0.7 Summonings
   Level 1.1 Translocations


You had 4 spell levels left.
You knew the following spells:

 Your Spells              Type           Power        Failure   Level  Hunger
a - Magic Dart            Conj           ###.         1%          1    None
b - Call Imp              Summ           ###.....     1%          2    ##.....

Your spell library contained the following spells:

 Spells                   Type           Power        Failure   Level  Hunger
 Blink                    Tloc           N/A          1%          2    ##.....
 Slow                     Hex            ###.....     2%          2    ##.....
 Conjure Flame            Conj/Fire      ###.....     3%          3    ###....
 Mephitic Cloud           Conj/Pois/Air  ###.....     4%          3    ###....


Dungeon Overview and Level Annotations

Branches:
Dungeon (2/15)

Altars:

Annotations:
D:2 Terence


Innate Abilities, Weirdness & Mutations

You are small and have problems with some larger weapons.
You are somewhat resistant to further mutation.


Message History

Orders for allies: a - Attack new target. p - Attack previous target. r - Retreat! s - Stop attacking. g - Guard the area. f - Follow me.
Anything else - Cancel.
Gang up on whom?
Press: ? - help, Dir - move target cursor, f/p - Terence
Aim: Terence, wielding a -1 trident and wearing a +0 scale mail Attack!
Terence barely misses you. Terence completely misses you.
Your iron imp hits Terence.
You barely miss Terence.
Terence is moderately wounded.
Terence says, "How do you enjoy it?"
Terence hits you with a cursed -1 trident!
* * * LOW HITPOINT WARNING * * *
Okay, then.
Your iron imp barely misses Terence.
Your iron imp hits Terence.
There is an open door here.
Terence hits you from afar with a cursed -1 trident.
You die...

#.##.## ##.....>.## ##.#.#
###.#...####.........####@...#
....)......+.........+..ยง....#
####....####.........####....##
#.#.## ##.......#...(.....#
#.### ##..5..##.####.?#..#
##.## ##.@.###.# .## .# #...#
##'## #.# .. #..## #@# #.# #..
#.## ########.## #.. .. #.#
#.........# ### ### #.#
#.....#...## #.# #..##......#
#.# #..##.#...##
#.#####..##.##..###
#........##........
#######.........###


You could see Terence and a friendly iron imp.

Vanquished Creatures
  A gnoll (D:1)
  A worm (D:2)
  2 dart slugs
  2 leopard geckos
  A ball python (D:2)
  10 giant cockroaches
  6 goblins
  3 hobgoblins
  2 jackals (D:1)
  5 kobolds
  A quokka (D:2)
  2 bats
  9 rats
45 creatures vanquished.

Vanquished Creatures (collateral kills)
  A leopard gecko (D:2)
  2 goblins (D:2)
  2 hobgoblins (D:2)
  A bat (D:2)
6 creatures vanquished.

Grand Total: 51 creatures vanquished

Notes
Turn   | Place    | Note
-------+----------+-------------------------------------------
     0 | D:1      | Gall2222 the Halfling Wizard began the quest for the Orb.
     0 | D:1      | Reached XP level 1. HP: 11/11 MP: 3/3
   420 | D:1      | Reached skill level 1 in Conjurations
   710 | D:1      | Reached XP level 2. HP: 18/18 MP: 3/5
   810 | D:1      | Reached skill level 1 in Slings
  1109 | D:1      | Reached skill level 1 in Armour
  1336 | D:1      | Reached skill level 1 in Fighting
  1336 | D:1      | Reached skill level 2 in Slings
  1336 | D:1      | Reached XP level 3. HP: 15/23 MP: 0/6
  2333 | D:2      | Learned a level 2 spell: Call Imp
  2342 | D:2      | Reached XP level 4. HP: 27/28 MP: 7/7
  2432 | D:2      | Reached skill level 3 in Slings
  2979 | D:2      | Noticed Terence
  2994 | D:2      | HP: 1/28 [leopard gecko (5)]
  3012 | D:2      | HP: 1/28 [Terence/cursed -1 trident (8)]
  3016 | D:2      | Slain by Terence

Levels and vault maps discovered:
D:1:      minmay_arrival_wavy_path, layout_basic, st_stairs_14
D:2:      minmay_roachtagon, layout_loops_corners, grunt_temple_overflow_open,
          minmay_fractal_squares_gapless_5, uniq_terence

Skill      XL: |  1  2  3  4 |
---------------+-------------+-----
Conjurations   | 1 |  1.1
Slings         | 2 3 |  3.3
Armour         | 1 2 |  2.0
Fighting       | 1 |  1.3
Dodging        | |  2.1
Stealth        | |  2.1
Spellcasting   | |  2.4
Summonings     | |  0.7
Translocations | |  1.1

Action                   |  1- 3 |  4- 6 || total
-------------------------+-------+-------++-------
Melee: Unarmed           |    14 |       ||    14
       Dagger            |    74 |    45 ||   119
 Fire: Hunting sling     |    33 |    21 ||    54
 Cast: Magic Dart        |    67 |       ||    67
       Call Imp          |       |    10 ||    10
  Use: Potion            |       |     2 ||     2
 Stab: Distracted        |       |     1 ||     1
       Sleeping          |       |     1 ||     1
  Eat: Chunk             |     5 |     3 ||     8
Armor: Robe              |    19 |     4 ||    23
Dodge: Dodged            |   115 |    44 ||   159

Table legend:
 A = Non-vault XP
 B = Vault XP
 C = Vault XP percentage of total XP
 D = Non-vault monster count
 E = Vault monster count
 F = Vault count percentage of total count
                 A         B        C        D         E       F
            +---------+---------+-------+---------+---------+-------
      Total |      80 |      24 |  23.1 |      37 |      14 |  27.5
            +---------+---------+-------+---------+---------+-------
        D:1 |      41 |       4 |   8.9 |      16 |       2 |  11.1
        D:2 |      39 |      20 |  33.9 |      21 |      12 |  36.4
            +---------+---------+-------+---------+---------+-------
